 Dungeon Crawl Stone Soup version 0.30-a0-1116-gebefce21f7 (webtiles) character file.

Game seed: 17038569789998390602

2280 jasper the Thaumaturge (level 9, -1/45 HPs)
             Began as a Spriggan Venom Mage on Apr 21, 2023.
             Was an Initiate of Sif Muna.
             Slain by a yak (7 damage)
             ... on level 8 of the Dungeon.
             The game lasted 00:13:50 (8119 turns).

jasper the Thaumaturge (Spriggan Venom Mage)        Turns: 8119, Time: 00:13:51

Health: -1/45      AC:  4    Str:  4    XL:     9   Next: 16%
Magic:  2/7        EV: 20    Int: 23    God:    Sif Muna [......]
Gold:   321        SH:  0    Dex: 15    Spells: 16/26 levels left

rFire   . . .      SeeInvis +    m - +10 sling of Bodily Harmony {antimagic, rN++ Int-4}
rCold   . . .      Faith    .    (no shield)
rNeg    + + .      Spirit   .    a - +1 robe
rPois   .          Reflect  .    D - +0 hat
rElec   .          Rampage  .    k - +0 cloak {rCorr}
rCorr   +                        (gloves unavailable)
Will    +....                    (boots unavailable)
Stlth   ++                       (no amulet)
HPRegen 0.27/turn                c - +6 ring of intelligence
MPRegen 0.10/turn                (no ring)

@: very quick
A: very small, no large weapons, unfitting armour, see invisible, speed 3
a: Renounce Religion


You were on level 8 of the Dungeon.
You worshipped Sif Muna.
Sif Muna was noncommittal.
You visited 2 branches of the dungeon, and saw 9 of its levels.

You collected 321 gold pieces.

Inventory:

Hand Weapons
 e - a +1 short sword
 m - the +10 sling of Bodily Harmony (weapon) {antimagic, rN++ Int-4}
   (You took it off a goblin on level 4 of the Dungeon)

   Int:       It affects your intelligence (-4).
   rN:        It greatly protects you from negative energy.
 y - a +2 rapier of holy wrath
Armour
 a - a +1 robe (worn)
 k - a +0 cloak of preservation (worn)
 D - a +0 hat (worn)
Magical Staves
 d - a staff of cold
 i - a staff of air
Jewellery
 c - a +6 ring of intelligence (left hand)
Wands
 q - a wand of iceblast (6)
 A - a wand of flame (23)
Scrolls
 f - 4 scrolls of vulnerability
 n - a scroll of fear {unknown}
 o - 2 scrolls of blinking
 s - a scroll of immolation
 t - a scroll of enchant weapon
 x - a scroll of enchant armour
 z - a scroll of fog
Potions
 b - a potion of magic
 g - 2 potions of degeneration
 h - a potion of brilliance
 j - a potion of lignification {unknown}
 l - a potion of attraction {unknown}
 p - 2 potions of haste
 r - 3 potions of curing
 u - a potion of might {unknown}
 w - a potion of resistance
 C - 2 potions of mutation {unknown}


   Skills:
 + Level 4.0 Fighting
 + Level 7.1 Dodging
 - Level 3.0 Stealth
 * Level 9.1 Spellcasting
 - Level 1.0 Conjurations
 - Level 1.3 Transmutations
 - Level 2.0 Air Magic
 - Level 6.0 Poison Magic
 + Level 2.6 Invocations


You had 16 spell levels left.
You knew the following spells:

 Your Spells              Type           Power      Damage    Failure   Level
a - Sting                 Tmut/Pois      100%       1d8       1%          1
b - Poisonous Vapours     Pois/Air       56%        N/A       1%          2
c - Mephitic Cloud        Conj/Pois/Air  24%        N/A       5%          3
d - Olgreb's Toxic Radia  Pois           38%        N/A       5%          4

Your spell library contained the following spells:

 Spells                   Type           Power      Damage    Failure   Level
 Apportation              Tloc           20%        N/A       6%          1
 Necrotise                Necr           40%        1d6       6%          1
 Summon Small Mammal      Summ           40%        N/A       6%          1
 Dazzling Flash           Conj/Hex       24%        N/A       16%         3
 Ozocubu's Armour         Ice            10%        N/A       19%         3
 Tukima's Dance           Hex            10%        N/A       19%         3
 Volatile Blastmotes      Fire/Tloc      20%        2d11      19%         3
 Iskenderun's Mystic Bla  Conj/Tloc      12%        2d5       45%         4
 Passage of Golubria      Tloc           10%        N/A       52%         4
 Freezing Cloud           Conj/Ice/Air   7%         6-21      75%         5
 Yara's Violent Unravell  Hex/Tmut       6%         3d5       78%         5
 Starburst                Conj/Fire      6%         6d4       100%        6
 Ozocubu's Refrigeration  Ice            5%         4d8       100%        7


Dungeon Overview and Level Annotations

Branches:
Dungeon (8/15)             Temple (1/1) D:7
   Lair: D:8-11

Altars:
Ashenzari
Cheibriados
Fedhas
Gozag
Makhleb
Nemelex Xobeh
Okawaru
Qazlal
Ru
Sif Muna
Trog
Vehumet
Xom
Yredelemnul
Zin
The Shining One

Shops:
D:4 (

Annotations:
D:5 2 runed translucent doors


Innate Abilities, Weirdness & Mutations

You are very small and have problems with some larger weapons.
You are too small for most types of armour.
You have supernaturally acute eyesight. (SInv)
You cover ground extremely quickly. (Speed+++)


Message History

The sling bullet hits the yak!
The yak is almost dead.
You kill the yak!
Sif Muna accepts your kill.
Your Fighting skill increases to level 4!
Fire: m) +10 sling of Bodily Harmony {antimagic, rN++ Int-4}
Press: ? - help, Q - select action, (/) - cycle Shift-Dir - straight line, f/p - yak
Aim: a yak (severely wounded, 77% to hit)
You shoot a sling bullet. The sling bullet barely misses the yak.
The sling bullet hits the yak!
The yak is severely wounded.
Fire: m) +10 sling of Bodily Harmony {antimagic, rN++ Int-4}
Press: ? - help, Q - select action, (/) - cycle Shift-Dir - straight line, f/p - yak
Aim: a yak (severely wounded, 77% to hit)
You shoot a sling bullet. The sling bullet hits the yak.
The yak is almost dead.
Fire: m) +10 sling of Bodily Harmony {antimagic, rN++ Int-4}
Press: ? - help, Q - select action, (/) - cycle Shift-Dir - straight line, f/p - yak
Aim: a yak (almost dead, 77% to hit)
You shoot a sling bullet. The sling bullet hits the yak.
The yak is almost dead.
The yak completely misses you.
Fire: m) +10 sling of Bodily Harmony {antimagic, rN++ Int-4}
Press: ? - help, Q - select action, (/) - cycle Shift-Dir - straight line, f/p - yak
Aim: a yak (almost dead, 77% to hit)
You shoot a sling bullet.
The sling bullet completely misses the yak.
The sling bullet hits the yak.
The yak is severely wounded.
The yak barely misses you. The yak gores you! x2
* * * LOW HITPOINT WARNING * * *
You take 24 damage, and have 5/45 hp.
MASSIVE DAMAGE!!
Fire: m) +10 sling of Bodily Harmony {antimagic, rN++ Int-4}
Press: ? - help, Q - select action, (/) - cycle Shift-Dir - straight line, f/p - yak
Aim: a yak (almost dead, 77% to hit)
You shoot a sling bullet. The sling bullet hits the yak.
You kill the yak!
Sif Muna accepts your kill. The yak gores you!
You die...

### ##.## ### ##...## ## #.##
#.....## ##########..
.###..###......###...<.......
................@..######.#..
......#########Y#### ####..#
#..# #..# ##.# ##.# .# #.# .#
#.# .♣ #†# .♣ #.# .♣


You could see a yak.

Vanquished Creatures
  4 yaks (D:8)
  An orc warrior (D:7)
  An ice beast (D:3)
  2 sky beasts (D:7)
  A black bear (D:4)
  3 ogres
  A phantom (D:7)
  A centaur (D:5)
  3 scorpions
  3 hounds
  2 gnoll boudas
  2 jellies (D:5)
  3 orc priests
  2 iguanas (D:6)
  A sleepcap (D:5)
  4 orc wizards
  9 gnolls
  11 adders
  3 river rats (D:4)
  A shadow imp (D:6)
  A white imp (D:4)
  2 ufetubi
  4 worms
  3 dart slugs
  14 orcs
  6 bats
  2 endoplasms
  3 giant cockroaches
  7 goblins
  4 hobgoblins
  3 jackals (D:1)
  4 kobolds
  4 quokkas
  5 ball pythons
  3 frilled lizards
  2 goblin skeletons (D:4)
  3 goblin zombies (D:4)
  6 rats
134 creatures vanquished.

Notes
Turn   | Place    | Note
-------+----------+-------------------------------------------
     0 | D:1      | jasper the Spriggan Venom Mage began the quest for the Orb.
     0 | D:1      | Reached XP level 1. HP: 9/9 MP: 5/5
   441 | D:1      | Reached XP level 2. HP: 13/13 MP: 0/6
   535 | D:1      | Found a faded altar of an unknown god.
   558 | D:1      | You fall into a shaft and drop 1 floor!
  1114 | D:2      | Reached XP level 3. HP: 16/16 MP: 4/8
  1117 | D:2      | Learned a level 2 spell: Poisonous Vapours
  1121 | D:2      | Learned a level 3 spell: Mephitic Cloud
  1910 | D:2      | Reached XP level 4. HP: 21/21 MP: 0/9
  2265 | D:3      | Reached skill level 5 in Poison Magic
  2790 | D:3      | Noticed an ice beast
  2820 | D:3      | Killed an ice beast
  2821 | D:3      | Reached skill level 3 in Spellcasting
  2821 | D:3      | Reached XP level 5. HP: 24/24 MP: 2/10
  3034 | D:3      | Learned a level 4 spell: Olgreb's Toxic Radiance
  3417 | D:3      | Identified a scroll of acquirement
  3417 | D:3      | Acquired a +0 cloak of preservation
  3513 | D:4      | Found Ychut's Weapon Shop.
  3703 | D:4      | Reached skill level 1 in Air Magic
  3721 | D:4      | Reached skill level 1 in Conjurations
  3742 | D:4      | Reached XP level 6. HP: 28/28 MP: 1/11
  4328 | D:4      | Reached skill level 1 in Fighting
  4500 | D:4      | Reached skill level 4 in Spellcasting
  4575 | D:4      | Identified the +10 sling of Bodily Harmony {antimagic, rN++
                  | Int-4}
  4677 | D:4      | Reached XP level 7. HP: 33/33 MP: 4/14
  4712 | D:4      | Found a glowing golden altar of the Shining One.
  4934 | D:4      | Reached skill level 5 in Spellcasting
  5105 | D:5      | Entered Level 5 of the Dungeon
  5367 | D:5      | Reached skill level 6 in Spellcasting
  5479 | D:5      | Reached skill level 5 in Dodging
  5698 | D:5      | Found a large runed translucent door.
  5701 | D:5      | Found a large runed translucent door.
  5927 | D:5      | Reached XP level 8. HP: 36/39 MP: 2/18
  6309 | D:6      | Found a bloodstained altar of Trog.
  6554 | D:6      | Reached skill level 7 in Spellcasting
  6715 | D:6      | Found an opulent altar of Gozag.
  6716 | D:6      | Found a glowing silver altar of Zin.
  7086 | D:7      | Found a staircase to the Ecumenical Temple.
  7099 | Temple   | Entered the Ecumenical Temple
  7203 | Temple   | Became a worshipper of Sif Muna the Loreminder
  7246 | D:7      | Reached skill level 8 in Spellcasting
  7246 | D:7      | Reached skill level 1 in Invocations
  7368 | D:7      | Found a radiant altar of Vehumet.
  8091 | D:8      | Reached XP level 9. HP: 25/45 MP: 4/22
  8095 | D:8      | Reached skill level 9 in Spellcasting
  8119 | D:8      | Slain by a yak

Illustrated notes

Levels and vault maps discovered:
D:1:      saegor_arrival_simple_a, layout_basic,
          shapermc_ecumenical_altar_starsandcircs, kennysheep_minor_cross
D:2:      layout_basic
D:3:      layout_loops_ring
D:4:      layout_loops_ring, nicolae_tso_besieged_by_evil,
          lightli_sewer_entry_pipes, serial_shops,
          nicolae_shop_bloodbath_and_beyond
D:5:      layout_basic, jmf_multi_god_temple2, lightli_corner_chamber
D:6:      layout_basic, grunt_temple_overflow_gold_and_silver,
          lightli_temple_of_fire
D:7:      layout_loops_ring, mainiacjoe_overflow_alcove_4,
          minmay_temple_entry_overgrown, nicolae_titane
D:8:      layout_cave_pods, dreamdust_princess_corridor,
          hangedman_abyss_or_decor_stabs, uniq_maggie
Temple:   nicolae_temple_ecumenical_triangle

Skill      XL: |  1  2  3  4  5  6  7  8  9 |
---------------+----------------------------+-----
Poison Magic   | 4 6 |  6.0
Spellcasting   | 3 4 6 8 9 |  9.1
Air Magic      | 1 2 |  2.0
Conjurations   | 1 |  1.0
Dodging        | 3 5 6 7 |  7.1
Fighting       | 1 2 3 4 |  4.0
Invocations    | 2 |  2.6
Stealth        | |  3.0
Transmutations | |  1.3

Action                     |  1- 3 |  4- 6 |  7- 9 || total
---------------------------+-------+-------+-------++-------
  Melee: Short sword       |    11 |    11 |       ||    22
   Fire: Sling             |       |     7 |   138 ||   145
   Cast: Sting             |    79 |    61 |     4 ||   144
         Poisonous Vapours |     3 |    37 |    10 ||    50
         Olgreb's Toxic Ra |       |     5 |     7 ||    12
    Use: Scroll            |       |    10 |     4 ||    14
 Armour: Robe              |     4 |     9 |    11 ||    24
  Dodge: Dodged            |    31 |    46 |    44 ||   121

Table legend: (Time is in decaauts)
 A = Elapsed time spent in this place.
 B = Non-inter-level travel time spent in this place.
 C = Inter-level travel time spent in this place.
 D = Time resting spent in this place.
 E = Time spent auto-exploring this place.
 F = Levels seen in this place.
 G = Mean time per level.
                   A        B        C        D        E       F      G
               +--------+--------+--------+--------+--------+-----+--------+
         Total |   6215 |   6117 |     98 |    272 |   4778 |   9 |  690.6 |
       Dungeon |   6127 |   6034 |     93 |    272 |   4710 |   8 |  765.9 |
        Temple |     88 |     84 |      4 |      0 |     67 |   1 |   88.0 |
               +--------+--------+--------+--------+--------+-----+--------+

Top non-repeatable levels by time:
     D:4: 1360 daAuts
     D:2: 1284 daAuts
     D:3: 985 daAuts
     D:5: 770 daAuts
     D:7: 717 daAuts
     D:6: 497 daAuts
     D:1: 429 daAuts
  Temple: 88 daAuts
     D:8: 82 daAuts
